[Event "*** Qualifier 1: Titled Tuesday 3|2 Blitz"]
[Site "Chess.com"]
[Date "2017.04.04"]
[Round "1"]
[White "Malev212"]
[Black "biveklama"]
[Result "0-1"]
[WhiteElo "2448"]
[BlackElo "2196"]
[TimeControl "180+2"]
[EndTime "13:02:23 PDT"]
[Termination "biveklama won by resignation"]

1. d3 g6 2. e4 Bg7 3. Nc3 e6 4.
h4 h5 5. Bg5 Ne7 6. Qd2 c6 7.
Nf3 d5 8. O-O-O Qa5 9. e5 Nf5 10.
Kb1 c5 11. g3 Nc6 12. Bh3 Nfd4 13. Nxd4 cxd4 14. Ne4 dxe4 0-1

[Event "*** Qualifier 1: Titled Tuesday 3|2 Blitz"]
[Site "Chess.com"]
[Date "2017.04.04"]
[Round "1"]
[White "RitvarsReimanis"]
[Black "Quiet_Desperation"]
[Result "1-0"]
[WhiteElo "2427"]
[BlackElo "2084"]
[TimeControl "180+2"]
[EndTime "13:02:39 PDT"]
[Termination "RitvarsReimanis won by resignation"]

1. d4 Nf6 2. c4 e6 3. Nc3 Bb4 4.
e3 b6 5. Ne2 Ba6 6. a3 Bxc3+ 7.
Nxc3 d5 8. Qb3 O-O 9. Be2 Nc6 10.
Qa4 Na5 11. b4 Nxc4 12. Qxa6 c5 13. O-O cxb4 14. axb4 Ne8 15. Bxc4 1-0

[Event "*** Qualifier 1: Titled Tuesday 3|2 Blitz"]
[Site "Chess.com"]
[Date "2017.04.04"]
[Round "1"]
[White "Rating-Schmating"]
[Black "Elshan1985"]
[Result "1/2-1/2"]
[WhiteElo "2221"]
[BlackElo "2506"]
[TimeControl "180+2"]
[EndTime "13:03:10 PDT"]
[Termination "Game drawn by agreement"]

1. e4 e5 2. Nf3 Nc6 3. d4 exd4 4. Nxd4 Bc5 5. Nxc6 Qf6 6. Qf3 dxc6 7. Nc3 Be6 8. Be3 Bxe3 9. Qxe3 Ne7 10. Bd3 g5 11.
e5 Qg7 12. O-O-O Nd5 13. Nxd5 cxd5 14. Be2 c6 15. b3 h5 16. h4 g4 17. f4 Qg6 18. Bd3 Bf5 19. Bxf5 Qxf5 20. g3 O-O 21. Qd3 Qxd3 22. Rxd3 Rae8 23. Re1 f6 24. Rde3 Kf7 25. exf6 Rxe3 26. Rxe3 Kxf6 27. Re5 Kg6 28. Re7 Rf7 1/2-1/2

[Event "*** Qualifier 1: Titled Tuesday 3|2 Blitz"]
[Site "Chess.com"]
[Date "2017.04.04"]
[Round "1"]
[White "poummba"]
[Black "Swarajan"]
[Result "1-0"]
[WhiteElo "2374"]
[BlackElo "1884"]
[TimeControl "180+2"]
[EndTime "13:03:40 PDT"]
[Termination "poummba won by resignation"]

1. e4 c5 2. Na3 d6 3. g3 Nf6 4. Bg2 g6 5. c3 Bg7 6. Ne2 O-O 7. d4 cxd4 8. cxd4 Nc6 9. O-O Rb8 10.
h3 Bd7 11. Be3 a6 12. f4 Qa5 13. Nc4 Qb4 14. b3 b5 15. a3 bxc4 16. axb4 Nxb4 17. bxc4 a5 18. e5 Ne8 19. Rxa5 1-0

[Event "*** Qualifier 1: Titled Tuesday 3|2 Blitz"]
[Site "Chess.com"]
[Date "2017.04.04"]
[Round "1"]
[White "Bugcrusher"]
[Black "Ilja_Semjonovs"]
[Result "1-0"]
[WhiteElo "2456"]
[BlackElo "2146"]
[TimeControl "180+2"]
[EndTime "13:03:46 PDT"]
[Termination "Bugcrusher won by resignation"]

1. d4 Nf6 2. c4 e6 3. Nf3 b6 4. e3 Bb7 5. Bd3 Be7 6. Nc3 O-O 7.
O-O d5 8. cxd5 exd5 9. b3 Nbd7 10. Bb2 c5 11. Ne2 cxd4 12. Nexd4 Nc5 13. Nf5 Nxd3 14. Qxd3 a5 15. Ng5 Ba6 16. Nxe7+ Qxe7 17. Bxf6 Bxd3 18. Bxe7 Rfe8 19. Rfd1 Bc2 20. Rd2 Bxb3 21. axb3 Rxe7 22. Rxd5 h6 23. Nf3 Rea7 24. h4 a4 25. bxa4 Rxa4 26. Rxa4 Rxa4 27. Rd8+ Kh7 28. Rd7 f6 29.
Rb7 Ra1+ 30. Kh2 Ra2 31. Kg3 Rb2 32. h5 b5 33. Nh4 1-0

[Event "*** Qualifier 1: Titled Tuesday 3|2 Blitz"]
[Site "Chess.com"]
[Date "2017.04.04"]
[Round "1"]
[White "penguingm1"]
[Black "hypert"]
[Result "1-0"]
[WhiteElo "2592"]
[BlackElo "2267"]
[TimeControl "180+2"]
[EndTime "13:03:52 PDT"]
[Termination "penguingm1 won by checkmate"]

1. d4 d5 2. c4 e6 3. Nc3 c6 4. e3 Bd6 5. Qc2 f5 6. Bd3 Nf6 7. Nge2 O-O 8. f3 b6 9. O-O Qc7 10. h3 Qe7 11. e4 fxe4 12. fxe4 Nxe4 13. Rxf8+ Qxf8 14. Nxe4 dxe4 15. Bxe4 h6 16. Be3 Bb7 17. c5 Be7 18. Rf1 Qd8 19. Nf4 Bc8 20. Bh7+ Kh8 21. Ng6+ Kxh7 22. Nf8+ Kg8 23. Qh7# 1-0

[Event "*** Qualifier 1: Titled Tuesday 3|2 Blitz"]
[Site "Chess.com"]
[Date "2017.04.04"]
[Round "1"]
[White "GamayevOleg"]
[Black "SidArun"]
[Result "1-0"]
[WhiteElo "2404"]
[BlackElo "2041"]
[TimeControl "180+2"]
[EndTime "13:03:57 PDT"]
[Termination "GamayevOleg won by resignation"]

1. d3 d5 2. e4 dxe4 3. dxe4 Qxd1+ 4. Kxd1 e5 5. Nf3 Bg4 6. Be2 Nd7 7. Nfd2 Bxe2+ 8.
Kxe2 Ngf6 9. f3 Bc5 10. c3 a5 11.
a4 O-O 12. Nc4 c6 13. Bg5 Be7 14. Bxf6 Bxf6 15. Rd1 Rfd8 16. Rxd7 Rxd7 17. Nb6 Rad8 18. Nxd7 Rxd7 19. Nd2 Bd8 20. Nc4 f6 21. Rd1 Rxd1 22. Kxd1 Bc7 23. Kc2 Kf7 24. Kd3 Ke6 25.
b3 g6 26. h3 f5 27. b4 axb4 28. cxb4 fxe4+ 29. fxe4 b5 30. axb5 cxb5 31. Na3 Bd6 32. Kc3 Kf6 33. Nxb5 Be7 34. Nc7 Kg5 35. Nd5 1-0

[Event "*** Qualifier 1: Titled Tuesday 3|2 Blitz"]
[Site "Chess.com"]
[Date "2017.04.04"]
[Round "1"]
[White "rst2003"]
[Black "HaryKane"]
[Result "0-1"]
[WhiteElo "2063"]
[BlackElo "2409"]
[TimeControl "180+2"]
[EndTime "13:03:59 PDT"]
[Termination "HaryKane won by resignation"]

1. e4 e6 2. d4 d5 3. Nd2 Nf6 4. e5 Nfd7 5. Bd3 c5 6. c3 Nc6 7. Ne2 f6 8. Nf4 Qe7 9. Qh5+ Kd8 10.
Ng6 Qe8 11. Nf3 cxd4 12. cxd4 Bb4+ 13. Bd2 hxg6 14. Qxg6 Qxg6 15. Bxg6 Bxd2+ 16. Kxd2 fxe5 17. dxe5 Ndxe5 18. Nxe5 Nxe5 19. Bc2 Bd7 20. Rae1 Nc4+ 21. Kc1 Rc8 22. Kb1 Nd2+ 23. Kc1 Ne4 24. f3 Nf2 25.
Rhf1 Nd3+ 26. Kd2 Nxe1 27. Rxe1 Rxh2 28. Re2 Bb5 29. Rf2 Bf1 30. Bg6 Rxg2 0-1

[Event "*** Qualifier 1: Titled Tuesday 3|2 Blitz"]
[Site "Chess.com"]
[Date "2017.04.04"]
[Round "1"]
[White "Saitama_Hero"]
[Black "donotreadit"]
[Result "0-1"]
[WhiteElo "2191"]
[BlackElo "2494"]
[TimeControl "180+2"]
[EndTime "13:04:06 PDT"]
[Termination "donotreadit won by resignation"]

1. d4 d6 2. e4 g6 3. Nc3 Bg7 4.
Be3 c6 5. Qd2 b5 6. h4 h5 7. f4 Nf6 8. e5 b4 9. exf6 bxc3 10.
bxc3 Bxf6 11. Nf3 Bg4 12. Be2 Nd7 13. O-O O-O 14. Ng5 Bxe2 15. Qxe2 Qa5 16. f5 Qxc3 17. Rad1 Nb6 18. fxg6 fxg6 19. Rd3 Qc4 20. Qf3 Bxg5 21. Qg3 Bxe3+ 22. Kh2 Rxf1 23. Qxg6+ Kf8 24. Rxe3 Qf7 25.
Qh6+ Ke8 26. Rg3 Kd7 0-1

[Event "*** Qualifier 1: Titled Tuesday 3|2 Blitz"]
[Site "Chess.com"]
[Date "2017.04.04"]
[Round "1"]
[White "Mepetmepe"]
[Black "AkshatChandra"]
[Result "0-1"]
[WhiteElo "2322"]
[BlackElo "2640"]
[TimeControl "180+2"]
[EndTime "13:04:11 PDT"]
[Termination "AkshatChandra won by resignation"]

1. Nf3 d5 2. d4 Nf6 3. c4 dxc4 4.
e3 b5 5. a4 b4 6. Bxc4 e6 7.
O-O Be7 8. Nbd2 Bb7 9. b3 O-O 10. Bb2 c5 11. Qe2 Nc6 12. Rfd1 cxd4 13. Nxd4 Nxd4 14.
Bxd4 Qa5 15. Nf3 Ne4 16. Rac1 Nc3 17. Bxc3 bxc3 18. Rd7 Ba3 19. Rc2 Be4 20. Bd3 Bxd3 21. Qxd3 Rad8 22. Ng5 Qxg5 0-1

[Event "*** Qualifier 1: Titled Tuesday 3|2 Blitz"]
[Site "Chess.com"]
[Date "2017.04.04"]
[Round "1"]
[White "evgenyermolaev"]
[Black "kharov2001"]
[Result "1-0"]
[WhiteElo "2372"]
[BlackElo "1835"]
[TimeControl "180+2"]
[EndTime "13:04:17 PDT"]
[Termination "evgenyermolaev won by resignation"]

1. e4 c5 2. Nf3 Nc6 3. d4 cxd4 4.
Nxd4 g6 5. Nc3 Bg7 6. Be3 Nf6 7. Nxc6 bxc6 8. e5 Ng8 9. Bd4 d6 10. exd6 Bxd4 11. Qxd4 Nf6 12. O-O-O O-O 13. dxe7 Qxe7 14. Bc4 c5 15. Qh4 Kg7 16. Rhe1 Qc7 17. Qxf6+ 1-0

[Event "*** Qualifier 1: Titled Tuesday 3|2 Blitz"]
[Site "Chess.com"]
[Date "2017.04.04"]
[Round "1"]
[White "Durarbayli"]
[Black "thegreendog"]
[Result "1-0"]
[WhiteElo "2625"]
[BlackElo "2305"]
[TimeControl "180+2"]
[EndTime "13:04:27 PDT"]
[Termination "Durarbayli won by resignation"]

1. e4 c5 2. Nf3 d6 3. Nc3 Nc6 4. g3 Nf6 5. Bg2 e6 6. O-O Be7 7. d4 cxd4 8. Nxd4 O-O 9. Nxc6 bxc6 10.
e5 Nd5 11. exd6 Bxd6 12. Ne4 Be7 13. c4 Nb6 14. Qe2 Ba6 15. b3 Qc7 16. Bb2 Rad8 17. Rfe1 Rfe8 18. Rad1 Bb4 19. Nf6+ Kh8 20. Qh5 1-0

[Event "*** Qualifier 1: Titled Tuesday 3|2 Blitz"]
[Site "Chess.com"]
[Date "2017.04.04"]
[Round "1"]
[White "aNaartjieZA"]
[Black "joppie2"]
[Result "0-1"]
[WhiteElo "2285"]
[BlackElo "2605"]
[TimeControl "180+2"]
[EndTime "13:04:45 PDT"]
[Termination "joppie2 won by resignation"]

1. e4 e5 2. Nf3 Nc6 3. Bb5 a6 4.
Ba4 g6 5. O-O Bg7 6. c3 d6 7. Re1 Bd7 8. d3 Nge7 9. Nbd2 O-O 10. Nf1 h6 11. d4 exd4 12. cxd4 Bg4 13. d5 Nd4 14. N1d2 b5 15. Bc2 c5 16. h3 Nxc2 17. Qxc2 Bd7 18. a4 f5 19. axb5 axb5 20. Rxa8 Qxa8 21.
Nf1 fxe4 22. Qxe4 Rf7 23. Nh4 g5 24. Nf3 Qxd5 25. Qxd5 Nxd5 26. Rd1 Bc6 27. Ng3 Bf8 28. Ne4 Nb4 29. Nxd6 Rd7 0-1

[Event "*** Qualifier 1: Titled Tuesday 3|2 Blitz"]
[Site "Chess.com"]
[Date "2017.04.04"]
[Round "1"]
[White "jcibarra"]
[Black "AllStarShark"]
[Result "1-0"]
[WhiteElo "2657"]
[BlackElo "2323"]
[TimeControl "180+2"]
[EndTime "13:04:58 PDT"]
[Termination "jcibarra won by checkmate"]

1. e4 c6 2. Nf3 d5 3. Nc3 dxe4 4.
Nxe4 Nf6 5. Qe2 Nxe4 6. Qxe4 Nd7 7. Bc4 Nf6 8. Ne5 e6 9. Qe2 Bd6 10. d4 c5 11. dxc5 Bxc5 12. O-O O-O 13. Bg5 h6 14. Rad1 Qe7 15. Bh4 Bd6 16. Ng4 Bb8 17. Nxf6+ gxf6 18. Qg4+ Kh8 19. Qh5 Kg7 20. Rd3 Rh8 21. Rf3 Qc7 22. Bxf6+ Kf8 23. Bxh8 Qxc4 24. Qxf7# 1-0

[Event "*** Qualifier 1: Titled Tuesday 3|2 Blitz"]
[Site "Chess.com"]
[Date "2017.04.04"]
[Round "1"]
[White "stefanodinn"]
[Black "Keaton87"]
[Result "0-1"]
[WhiteElo "2197"]
[BlackElo "2484"]
[TimeControl "180+2"]
[EndTime "13:05:08 PDT"]
[Termination "Keaton87 won on time"]

1. e4 c5 2. Nf3 d6 3. d4 Nf6 4. Nc3 cxd4 5. Nxd4 g6 6. Be3 Bg7 7. f3 O-O 8. Qd2 Nc6 9. O-O-O d5 10. exd5 Nxd5 11. Nxc6 bxc6 12. Nxd5 cxd5 13. Qxd5 Qc7 14.
Qc5 Qb7 15. Qa3 Rb8 16. b3 Bf5 17. Bd3 Qc6 18. Bxf5 Qc3 19. Bd3 Rbc8 20. Qxa7 Rfd8 21. Qa6 Ra8 22. Qc4 Rxa2 23. Qxc3 Bxc3 0-1

[Event "*** Qualifier 1: Titled Tuesday 3|2 Blitz"]
[Site "Chess.com"]
[Date "2017.04.04"]
[Round "1"]
[White "FMchesstrainer"]
[Black "scrapnel"]
[Result "0-1"]
[WhiteElo "2368"]
[BlackElo "2252"]
[TimeControl "180+2"]
[EndTime "13:05:14 PDT"]
[Termination "scrapnel won by resignation"]

1. d4 Nf6 2. Bg5 d5 3. Bxf6 exf6 4.
e3 Bd6 5. Nd2 O-O 6. Ne2 c6 7.
g3 Re8 8. Bg2 Nd7 9. c4 dxc4 10.
Nxc4 Bb4+ 11. Nc3 Nb6 12. Qb3 Qxd4 13. Qxb4 Qxc4 14. Qxc4 Nxc4 15. O-O-O f5 16. Rd4 Ne5 17. Rhd1 Be6 18. h3 Kf8 19. f4 Ng6 20. e4 fxe4 21.
Nxe4 Bd5 22. R1d2 b6 23. Nd6 Re1+ 24. Kc2 Bxg2 25. Rxg2 c5 26. Rd3 Ne7 27. Rgd2 Nc6 28. a3 Nd4+ 29. Kc3 Rc1+ 0-1

[Event "*** Qualifier 1: Titled Tuesday 3|2 Blitz"]
[Site "Chess.com"]
[Date "2017.04.04"]
[Round "1"]
[White "Rbrrt"]
[Black "Aygehovit1992"]
[Result "0-1"]
[WhiteElo "2112"]
[BlackElo "2443"]
[TimeControl "180+2"]
[EndTime "13:05:15 PDT"]
[Termination "Aygehovit1992 won by resignation"]

1. e4 c5 2. Nf3 d6 3. d4 cxd4 4.
Nxd4 Nc6 5. Nc3 g6 6. Be3 Bg7 7.
Qd2 Bd7 8. Bc4 Rc8 9. Bb3 Na5 10. O-O-O Nxb3+ 11. cxb3 Nf6 12. Kb1 Qa5 13. f3 a6 14. g4 b5 15. g5 Nh5 16. f4 e5 17.
Nde2 O-O 18. Qxd6 Bg4 19. b4 Qc7 20. Qxc7 Rxc7 21. fxe5 Bxe5 22. Rc1 Rc4 23. a3 Bxe2 24. Nxe2 Rxe4 25. Bc5 Rxe2 0-1

[Event "*** Qualifier 1: Titled Tuesday 3|2 Blitz"]
[Site "Chess.com"]
[Date "2017.04.04"]
[Round "1"]
[White "VSERGUEI"]
[Black "GameOverBro"]
[Result "1-0"]
[WhiteElo "2573"]
[BlackElo "2244"]
[TimeControl "180+2"]
[EndTime "13:05:17 PDT"]
[Termination "VSERGUEI won by resignation"]

1. d4 Nf6 2. c4 d6 3. Nc3 Nbd7 4. e4 e5 5. Nf3 Be7 6. Be2 O-O 7. O-O c6 8. d5 Nc5 9. Qc2 a5 10. Be3 Qc7 11. Nd2 h6 12. b3 Nh7 13.
a3 Bg5 14. b4 Bxe3 15. fxe3 axb4 16. axb4 Rxa1 17. Rxa1 Na6 18. Rb1 Bd7 19. dxc6 bxc6 20. b5 Nc5 21. Nb3 Rb8 22. Nxc5 dxc5 23. Qb3 Nf6 24.
b6 Qd6 25. Rd1 Qe7 26. h3 Be6 27. Kh2 Nd7 28. b7 Nf6 29. Rb1 Ne8 30. Qb6 Nd6 31. Qxc5 f6 32. Qxc6 Rxb7 33. Rxb7 Nxb7 34. Nd5 Bxd5 35.
exd5 Nd6 36. c5 Ne4 37. d6 1-0

[Event "*** Qualifier 1: Titled Tuesday 3|2 Blitz"]
[Site "Chess.com"]
[Date "2017.04.04"]
[Round "1"]
[White "jncool68"]
[Black "keisyzrk"]
[Result "0-1"]
[WhiteElo "2517"]
[BlackElo "2242"]
[TimeControl "180+2"]
[EndTime "13:05:37 PDT"]
[Termination "keisyzrk won by resignation"]

1. e4 e5 2. Nf3 Nc6 3. Bb5 a6 4.
Ba4 Nge7 5. c3 g6 6. d4 exd4 7. cxd4 b5 8. Bc2 Bg7 9. d5 Nb4 10. Bb3 a5 11. a3 Na6 12. d6 cxd6 13. Nc3 Rb8 14. Nd5 Nxd5 15. Qxd5 O-O 16. Bg5 Qb6 17.
O-O Bb7 18. Qd1 Bxe4 19. Be7 Rfe8 20. Bxd6 Bxf3 21. Qxf3 Qxd6 22. Bxf7+ Kh8 23. Bxe8 Rxe8 24. Rad1 Qc6 25. Qg4 d5 26. Rfe1 Rf8 27. Re7 Qc5 28. Qh4 g5 0-1

[Event "*** Qualifier 1: Titled Tuesday 3|2 Blitz"]
[Site "Chess.com"]
[Date "2017.04.04"]
[Round "1"]
[White "HansCoolNiemann"]
[Black "iturrizaga"]
[Result "0-1"]
[WhiteElo "2296"]
[BlackElo "2628"]
[TimeControl "180+2"]
[EndTime "13:06:04 PDT"]
[Termination "iturrizaga won by resignation"]

1. d4 Nf6 2. c4 c5 3. d5 b5 4. cxb5 a6 5. f3 g6 6. e4 d6 7. bxa6 Bg7 8. Ne2 O-O 9. Nec3 Nxa6 10. Be3 Rb8 11. Qc1 e6 12. dxe6 Bxe6 13. Bxa6 d5 14.
exd5 Nxd5 15. Bd2 Nb4 16. Be2 Bf5 17. Ne4 Bxe4 18. fxe4 Bxb2 19. Qxb2 Nd3+ 20. Bxd3 Rxb2 21. Bc3 Rxg2 22. Kf1 Qxd3+ 23. Kxg2 Qxe4+ 24. Kg1 Rd8 25. Nd2 Qe3+ 26. Kg2 Qxc3 27. Nf3 h5 28. Rab1 Qc2+ 29. Kg3 Qxa2 30. Rbc1 Rd3 31. Rxc5 Rxf3+ 32. Kxf3 Qa8+ 0-1

[Event "*** Qualifier 1: Titled Tuesday 3|2 Blitz"]
[Site "Chess.com"]
[Date "2017.04.04"]
[Round "1"]
[White "tango_argentino"]
[Black "alturas_pacificas"]
[Result "0-1"]
[WhiteElo "2383"]
[BlackElo "2048"]
[TimeControl "180+2"]
[EndTime "13:06:04 PDT"]
[Termination "alturas_pacificas won by resignation"]

1. e4 g6 2. d4 Bg7 3. Nc3 d5 4. exd5 Nf6 5. Bc4 Nbd7 6. Bb3 Nb6 7. h3 Nbxd5 8. Qf3 c6 9. Nge2 O-O 10. Bg5 Re8 11.
Bxf6 Nxf6 12. g4 e6 13. Ne4 Nxe4 14. Qxe4 a5 15. c3 a4 16. Bc2 Qb6 17. Rb1 Bd7 18. O-O c5 19. dxc5 Qxc5 20. Qxb7 Bc6 21. Qb4 Qg5 22. Qf4 Qd5 23. f3 Be5 24. Qh6 Bc7 25.
Kg2 Qe5 26. Rf2 Qh2+ 27. Kf1 Qh1+ 28. Ng1 Bb5+ 29. Ke1 Qxg1+ 0-1

[Event "*** Qualifier 1: Titled Tuesday 3|2 Blitz"]
[Site "Chess.com"]
[Date "2017.04.04"]
[Round "1"]
[White "dhanushbharadwaj"]
[Black "Outsmiter"]
[Result "1-0"]
[WhiteElo "2449"]
[BlackElo "2108"]
[TimeControl "180+2"]
[EndTime "13:06:06 PDT"]
[Termination "dhanushbharadwaj won by resignation"]

1. Nf3 Nf6 2. c4 g6 3. b4 Bg7 4.
Bb2 O-O 5. g3 c6 6. Bg2 d5 7.
cxd5 cxd5 8. O-O b6 9. d3 Bb7 10. Nbd2 Nbd7 11. Rc1 Qb8 12. Qb3 e6 13. Rfd1 Rc8 14.
Rxc8+ Qxc8 15. e4 dxe4 16. Nxe4 Bd5 17. Qa4 Qb7 18. Bxf6 Nxf6 19. Nfd2 Rd8 20. Nxf6+ Bxf6 21. Bxd5 Rxd5 22. Ne4 Bd4 23. Rc1 Kg7 24. Qe8 Qd7 25. Qa8 f5 26. Ng5 Bf6 27. Rc7 Bxg5 28. Rxd7+ Rxd7 29. d4 Bf6 30. Qc6 Rxd4 31. Qxe6 Rxb4 32. Qd7+ Kh6 33. Qd2+ 1-0

[Event "*** Qualifier 1: Titled Tuesday 3|2 Blitz"]
[Site "Chess.com"]
[Date "2017.04.04"]
[Round "1"]
[White "rithwik2002"]
[Black "GMOratovsky"]
[Result "0-1"]
[WhiteElo "1799"]
[BlackElo "2350"]
[TimeControl "180+2"]
[EndTime "13:06:08 PDT"]
[Termination "GMOratovsky won by resignation"]

1. d4 d6 2. Bf4 g6 3. Nc3 Bg7 4.
Nf3 Nf6 5. e4 O-O 6. Qd2 c6 7.
O-O-O b5 8. h4 h5 9. Bd3 b4 10.
Ne2 a5 11. Ng3 Qb6 12. Bh6 Bxh6 13. Qxh6 Ng4 14. Qd2 a4 15. e5 b3 16. a3 bxc2 17.
Qxc2 Qb3 18. Bxg6 Qxc2+ 19. Bxc2 Nxf2 20. Rhf1 Nxd1 21. Kxd1 Bg4 22. Kd2 Nd7 23. exd6 exd6 24. Ng5 Rab8 25. Nf5 Bxf5 26. Bxf5 Rxb2+ 27. Kc1 Rfb8 28. Bxd7 Rb1+ 29. Kd2 Rxf1 0-1

[Event "*** Qualifier 1: Titled Tuesday 3|2 Blitz"]
[Site "Chess.com"]
[Date "2017.04.04"]
[Round "1"]
[White "gumersindo"]
[Black "Yaacovn"]
[Result "0-1"]
[WhiteElo "2299"]
[BlackElo "2608"]
[TimeControl "180+2"]
[EndTime "13:06:10 PDT"]
[Termination "Yaacovn won by resignation"]

1. d4 Nf6 2. c4 e5 3. dxe5 Ne4 4.
a3 d6 5. Nf3 Bf5 6. e3 Nc6 7.
Nbd2 dxe5 8. Nxe4 Qxd1+ 9. Kxd1 Bxe4 10. Be2 O-O-O+ 11. Ke1 Na5 12. Nd2 Bxg2 13. Rg1 Bh3 14. b4 Nc6 15. Bb2 f6 16. c5 a5 17. Bc3 Be6 18. Bc4 Bxc4 19. Nxc4 Rd3 20. Bd2 g6 21. Ke2 e4 22. Rac1 axb4 23. axb4 f5 24. Ra1 Bg7 25.
Ra2 Rb3 26. h4 Nxb4 27. Ra8+ Kd7 28. Ra7 Nc6 29. Ra4 Rb5 30. h5 Rxc5 31. hxg6 b5 32. gxh7 Rxh7 0-1

[Event "*** Qualifier 1: Titled Tuesday 3|2 Blitz"]
[Site "Chess.com"]
[Date "2017.04.04"]
[Round "1"]
[White "silverback96"]
[Black "Grebeniuk-S"]
[Result "0-1"]
[WhiteElo "2091"]
[BlackElo "2432"]
[TimeControl "180+2"]
[EndTime "13:06:10 PDT"]
[Termination "Grebeniuk-S won on time"]

1. d4 f5 2. Bg5 g6 3. Nc3 Nh6 4.
e4 Nf7 5. Bf4 fxe4 6. Nxe4 d5 7.
Ng3 Bg7 8. h4 c5 9. Nf3 Bg4 10.
h5 O-O 11. hxg6 hxg6 12. Qd3 Qb6 13. dxc5 Qxb2 14. Rc1 Nh8 15. Qxd5+ e6 16. Qc4 Nc6 17. Bd3 Nd4 18. Nxd4 Rxf4 0-1

[Event "*** Qualifier 1: Titled Tuesday 3|2 Blitz"]
[Site "Chess.com"]
[Date "2017.04.04"]
[Round "1"]
[White "AlexanderL"]
[Black "HovmoellerHest"]
[Result "1-0"]
[WhiteElo "2533"]
[BlackElo "2219"]
[TimeControl "180+2"]
[EndTime "13:06:16 PDT"]
[Termination "AlexanderL won on time"]

1. e4 c5 2. Nc3 Nc6 3. Bb5 Nd4 4.
Bc4 d6 5. Nf3 e5 6. O-O Be6 7.
d3 a6 8. Nxd4 cxd4 9. Nd5 Ne7 10. f4 b5 11. Bb3 Bxd5 12. exd5 f6 13. c3 dxc3 14. bxc3 Qb6+ 15. Kh1 Rc8 16. Bd2 g6 17. a4 Bg7 18. axb5 axb5 19. fxe5 dxe5 20. Qg4 Qd6 21. Ra7 f5 22. Qb4 Qxb4 23. cxb4 Bf6 24. d6 Nc6 25. d7+ 1-0

[Event "*** Qualifier 1: Titled Tuesday 3|2 Blitz"]
[Site "Chess.com"]
[Date "2017.04.04"]
[Round "1"]
[White "SantoBlue"]
[Black "ohusbands"]
[Result "1-0"]
[WhiteElo "2517"]
[BlackElo "2214"]
[TimeControl "180+2"]
[EndTime "13:06:17 PDT"]
[Termination "SantoBlue won by resignation"]

1. Nf3 d5 2. g3 Nf6 3. Bg2 e6 4.
O-O Be7 5. b3 O-O 6. Bb2 c5 7.
c4 Nc6 8. e3 d4 9. exd4 cxd4 10. Na3 Ne8 11. d3 Nc7 12. Re1 f6 13. Nc2 e5 14. Rb1 a5 15. Bc1 Bg4 16. h3 Bh5 17.
g4 Bf7 18. Nh4 Ne6 19. Nf5 Bc5 20. a3 Re8 21. b4 axb4 22. axb4 Bf8 23. b5 Na5 24. Bd2 Nf4 25. Bxf4 exf4 26. Ncxd4 Bc5 27. Rxe8+ Qxe8 28. Qd2 Qd7 29. Qxf4 Rd8 30. Ra1 b6 31.
Nc6 Qxd3 32. Nxd8 Qxd8 33. Re1 h6 34. h4 Nxc4 35. Ra1 Ne5 36. Ra8 1-0

[Event "*** Qualifier 1: Titled Tuesday 3|2 Blitz"]
[Site "Chess.com"]
[Date "2017.04.04"]
[Round "1"]
[White "capatl"]
[Black "daro94"]
[Result "0-1"]
[WhiteElo "2346"]
[BlackElo "2705"]
[TimeControl "180+2"]
[EndTime "13:06:18 PDT"]
[Termination "daro94 won by resignation"]

1. c4 g6 2. Nc3 Bg7 3. Nf3 Nf6 4. g3 c6 5. Bg2 O-O 6. O-O d6 7. Rb1 e5 8. d3 Re8 9. b4 h6 10. b5 d5 11. bxc6 bxc6 12. cxd5 cxd5 13. d4 e4 14. Ne5 Be6 15. Qa4 Nfd7 16. Nxd7 Nxd7 17.
e3 Nb6 18. Qb3 Nc4 19. Rd1 Qa5 20. Bf1 Rec8 21. Na4 Bg4 22. Nc5 Bxd1 23. Qxd1 Rab8 24. Ra1 Qc3 0-1

[Event "*** Qualifier 1: Titled Tuesday 3|2 Blitz"]
[Site "Chess.com"]
[Date "2017.04.04"]
[Round "1"]
[White "Kawhi_Leonard2"]
[Black "Buffy7"]
[Result "0-1"]
[WhiteElo "2221"]
[BlackElo "2524"]
[TimeControl "180+2"]
[EndTime "13:06:21 PDT"]
[Termination "Buffy7 won by resignation"]

1. e4 c5 2. Nf3 d6 3. d4 cxd4 4.
Nxd4 Nf6 5. Nc3 Nc6 6. Bg5 e6 7. Qd2 a6 8. O-O-O Bd7 9. f4 b5 10. Bxf6 gxf6 11. Nxc6 Bxc6 12. Bd3 h5 13. Kb1 Qb6 14.
Rhf1 h4 15. f5 Bh6 16. Qe1 Bg5 17. fxe6 fxe6 18. Nd5 Bxd5 19. exd5 e5 20. Qe2 O-O-O 21. a4 bxa4 22. Bxa6+ Kb8 23. Rf3 Ka7 24. Bb5 Rb8 25. c4 Qc5 26. Ra3 Kb6 27. Rxa4 Ra8 28. b4 Qe3 29.
Qxe3+ Bxe3 30. Rd3 Rxa4 31. Bxa4 Bf4 32. g3 hxg3 33.
hxg3 Bg5 34. Bc6 Rh1+ 35. Kb2 e4 36. Ra3 Bc1+ 0-1

[Event "*** Qualifier 1: Titled Tuesday 3|2 Blitz"]
[Site "Chess.com"]
[Date "2017.04.04"]
[Round "1"]
[White "fpawn"]
[Black "DuleMudule"]
[Result "0-1"]
[WhiteElo "2272"]
[BlackElo "2592"]
[TimeControl "180+2"]
[EndTime "13:06:22 PDT"]
[Termination "DuleMudule won by resignation"]

1. e4 c5 2. Nc3 Nc6 3. g3 g6 4.
Bg2 Bg7 5. d3 d6 6. Be3 b6 7. f4 Bb7 8. Nf3 Qd7 9. O-O Nh6 10.
h3 f5 11. Ng5 Nd4 12. Qd2 O-O 13. Nd1 e6 14. c3 Nc6 15. Bf2 Rae8 16. Ne3 Nf7 17.
Nxf7 Qxf7 18. a3 h6 19. Rae1 Kh7 20. Kh1 Na5 21. Bg1 d5 22. e5 d4 23. cxd4 Nb3 24. Qd1 Nxd4 25. Nc4 Bxg2+ 26. Kxg2 Qb7+ 27. Kh2 Rd8 28. Nd6 Qd5 29. Bxd4 Qxd4 30. Qd2 Rd7 31. Re2 Rfd8 32.
Qe3 Qxe3 33. Rxe3 Bf8 34. Rfe1 Kg7 35. h4 Be7 36. a4 g5 37. hxg5 hxg5 38. Kg2 g4 39.
Kf2 Rh8 40. Kg2 Rhd8 41. Kf2 Bxd6 42. exd6 Rxd6 43. Rxe6 Rxe6 44. Rxe6 Rxd3 45. Re7+ Kf6 46. Rxa7 Rd2+ 47. Kf1 Rxb2 48. Ra6 Ke7 49. a5 bxa5 50.
Rxa5 Kd6 51. Ra8 c4 52. Rf8 c3 53. Ke1 Rb1+ 0-1

[Event "*** Qualifier 1: Titled Tuesday 3|2 Blitz"]
[Site "Chess.com"]
[Date "2017.04.04"]
[Round "1"]
[White "SergeiAza"]
[Black "PlotnikovPavel"]
[Result "1-0"]
[WhiteElo "2637"]
[BlackElo "2312"]
[TimeControl "180+2"]
[EndTime "13:06:32 PDT"]
[Termination "SergeiAza won by resignation"]

1. e4 e6 2. d4 d5 3. Nd2 Be7 4.
Ngf3 Nf6 5. e5 Nfd7 6. Bd3 c5 7. c3 Nc6 8. O-O cxd4 9. cxd4 Qb6 10. Nb3 a5 11. a4 Nb4 12. Bb5 O-O 13. Bg5 f6 14. exf6 Bxf6 15. Qd2 Nb8 16. Rac1 Bd7 17. Nc5 Bxb5 18.
axb5 Qxb5 19. Nxe6 N8c6 20. Bxf6 Rxf6 21. Nc7 Qd3 22.
Qxd3 Nxd3 23. Nxa8 Nxc1 24. Rxc1 Rf4 25. Rd1 g5 26.
Nb6 g4 27. Nxd5 Rf5 28. Ne5 1-0

[Event "*** Qualifier 1: Titled Tuesday 3|2 Blitz"]
[Site "Chess.com"]
[Date "2017.04.04"]
[Round "1"]
[White "MegaManMusic"]
[Black "IamSchrodingersCat"]
[Result "0-1"]
[WhiteElo "1935"]
[BlackElo "2377"]
[TimeControl "180+2"]
[EndTime "13:06:36 PDT"]
[Termination "IamSchrodingersCat won by resignation"]

1. d4 Nf6 2. c4 e5 3. dxe5 Ng4 4.
Bf4 g5 5. Bg3 Bg7 6. h4 Nxe5 7.
hxg5 Nxc4 8. Nc3 Qxg5 9. Nf3 Qa5 10. Qc2 Nxb2 11. Rc1 Na4 12. Qe4+ Kf8 13. Be5 Bxe5 14.
Qxe5 Qxe5 15. Nxe5 Nxc3 16. Rxc3 d6 17. Rxc7 dxe5 18. Rxc8+ Kg7 19. Rc7 Nc6 20. e4 Rac8 21.
Rxb7 Nd4 22. f3 Rc2 23. Rh3 Rhc8 24. Rxa7 Rb8 25. Rg3+ Kf8 0-1